 Dungeon Crawl Stone Soup version 0.30.1-4-g462c640d31 (webtiles) character file.

Game seed: 16427552037282757508

434 Peloso the Slasher (level 6, 0/56 HPs)
             Began as a Minotaur Fighter on Sept 11, 2023.
             Slain by Pikel
             ... wielding a +1 whip of freezing
              (3 damage)
             ... on level 4 of the Dungeon.
             The game lasted 00:07:01 (3145 turns).

Peloso the Slasher (Minotaur Fighter)               Turns: 3145, Time: 00:07:01

Health: 0/56       AC: 12    Str: 21    XL:     6   Next: 67%
Magic:  5/5        EV:  6    Int:  5    God:
Gold:   115        SH:  5    Dex: 11    Spells: 5/5 levels left

rFire   . . .        a - +0 long sword
rCold   . . .        d - +0 buckler
rNeg    . . .        c - +0 plate armour
rPois   .            (helmet restricted)
rElec   .            (no cloak)
rCorr   .            (no gloves)
SInv    .            (no boots)
Will    .....        (no amulet) Stlth
                     u - ring of flight
HPRegen 0.29/turn    (no ring)
MPRegen 0.09/turn

%: no passive effects
@: flying
A: horns 2, retaliatory headbutt
a: no special abilities


You were on level 4 of the Dungeon.
You visited 1 branch of the dungeon, and saw 4 of its levels.

You collected 233 gold pieces.
You spent 118 gold pieces at shops.

Inventory:

Hand Weapons
 a - a +0 long sword (weapon)
Armour
 b - a +1 scale mail
 c - a +0 plate armour (worn)
 d - a +0 buckler (worn)
Jewellery
 u - a ring of flight (left hand)
Scrolls
 h - a scroll of noise
 i - a scroll of enchant armour
 l - 2 scrolls of enchant weapon
 m - 2 scrolls of teleportation
 n - a scroll of brand weapon
 o - a scroll of amnesia {unknown}
 q - a scroll of magic mapping {unknown}
 w - a scroll of identify
Potions
 e - 4 potions of haste
 g - a potion of might
 j - 2 potions of mutation
 k - 2 potions of cancellation {unknown}
 p - a potion of attraction {unknown}
 r - a potion of brilliance {unknown}
 s - a potion of curing {unknown}
 t - 2 potions of flight {unknown}
 v - a potion of ambrosia {unknown}


   Skills:
 + Level 5.0 Fighting
 + Level 5.7 Long Blades
 + Level 5.4 Armour
 + Level 1.0 Dodging
 + Level 0.1 Stealth
 + Level 4.9 Shields


You had 5 spell levels left.
You didn't know any spells.
Your spell library contained the following spells:

 Spells                   Type           Power      Damage    Failure   Level
 Apportation              Tloc           0%         N/A       100%        1
 Kiss of Death            Conj/Necr      0%         2d5       100%        1
 Magic Dart               Conj           0%         1d3       100%        1
 Necrotise                Necr           0%         1d4       100%        1
 Summon Small Mammal      Summ           0%         N/A       100%        1
 Blink                    Tloc           0%         N/A       100%        2
 Searing Ray              Conj           0%         2d4       100%        2
 Confusing Touch          Hex            0%         N/A       100%        3
 Portal Projectile        Hex/Tloc       0%         N/A       100%        3
 Tukima's Dance           Hex            0%         N/A       100%        3
 Dispel Undead            Necr           0%         3d6       100%        4
 Fulminant Prism          Conj/Hex       0%         3d5       100%        4
 Manifold Assault         Tloc           0%         N/A       100%        4
 Blade Hands              Tmut           0%         N/A       100%        5
 Storm Form               Tmut/Air       0%         N/A       100%        7


Dungeon Overview and Level Annotations

Branches:
Dungeon (4/15)
 Temple: D:4-7

Altars:
Dithmenos
Gozag
Ru
Wu Jian
Xom
Yredelemnul
The Shining One

Shops:
D:3 *   D:4 =

Annotations:
D:4 3 runed translucent doors, Pikel; Silencio's ghost, amateur GrFi


Innate Abilities, Weirdness & Mutations

You have a pair of horns on your head.
You reflexively headbutt those who attack you in melee.


Message History

Pikel hits you but does no damage.
You hit Pikel.
Pikel is severely wounded.
Pikel hits you with a +1 whip of freezing!
* * * LOW HITPOINT WARNING * * *
Pikel freezes you.
* * * LOW HITPOINT WARNING * * *
You closely miss Pikel.
Pikel is severely wounded.
Pikel barely misses you.
You feel much better.
Pikel hits you with a +1 whip of freezing.
Pikel freezes you.
You barely miss Pikel.
Pikel is severely wounded.
Pikel barely misses you.
Unknown command.
You hit Pikel but do no damage. You headbutt Pikel.
Pikel is almost dead.
Pikel hits you with a +1 whip of freezing.
Pikel freezes you.
* * * LOW HITPOINT WARNING * * *
You barely miss Pikel. You headbutt Pikel, but do no damage.
Pikel is almost dead.
Pikel hits you with a +1 whip of freezing.
* * * LOW HITPOINT WARNING * * *
Pikel freezes you.
* * * LOW HITPOINT WARNING * * *
You hit Pikel.
Pikel is almost dead.
Pikel hits you with a +1 whip of freezing.
* * * LOW HITPOINT WARNING * * *
Pikel freezes you.
* * * LOW HITPOINT WARNING * * *
You hit Pikel but do no damage. Your headbutt misses Pikel.
Pikel is almost dead.
Pikel hits you with a +1 whip of freezing!
* * * LOW HITPOINT WARNING * * *
Pikel freezes you.
You die...

#.≈...≈..###.##..##....#....###
.#.≈.8.≈..##..#...).......)...##
..........##.......)...........#
..........#..............####..>
######......####S.###...# ##..
##†.#..5##.### #...## ###
##..####55# #.#..# ## #....#
##K# #..##.## #. ##.#..# #@#
#.####.####. #..##.## #.# .#
##.##.. ###.####.###.###.#
#..#.# #...## ##......## ##...#
####.###.####### ##<## ##.#.##
#.# ##### #.# ###


You could see Pikel and 3 lemures.

Vanquished Creatures
  A lemure (D:4)
  A phantom (D:4)
  Blork the orc (D:4)
  A scorpion (D:4)
  A sleepcap (D:4)
  An iguana (D:4)
  Robin (D:3)
  6 adders
  An ufetubus (D:4)
  3 worms
  4 dart slugs
  2 orcs (D:4)
  9 ball pythons
  3 endoplasms
  3 giant cockroaches
  9 goblins
  11 hobgoblins
  6 jackals (D:4)
  4 quokkas
  5 bats
  5 frilled lizards
  7 kobolds
  5 rats
90 creatures vanquished.

Notes
Turn   | Place    | Note
-------+----------+-------------------------------------------
     0 | D:1      | Peloso the Minotaur Fighter began the quest for the Orb.
     0 | D:1      | Reached XP level 1. HP: 19/19 MP: 0/0
   137 | D:1      | You fall into a shaft and drop 1 floor!
   257 | D:2      | Reached XP level 2. HP: 27/27 MP: 1/1
   512 | D:2      | Reached XP level 3. HP: 32/33 MP: 2/2
   520 | D:2      | Identified the +2 robe of the Several Knaves {rC++}
   658 | D:2      | Found a shimmering altar of Xom.
   787 | D:2      | Found a faded altar of an unknown god.
  1309 | D:1      | Reached XP level 4. HP: 40/40 MP: 3/3
  1616 | D:3      | Noticed Robin
  1697 | D:3      | Killed Robin
  2033 | D:3      | Found Xiarud's Assorted Antiques.
  2041 | D:3      | Bought a green potion for 23 gold pieces
  2041 | D:3      | Bought a fuming inky potion for 23 gold pieces
  2041 | D:3      | Bought a scroll labelled JOAZXU MOXT for 26 gold pieces
  2041 | D:3      | Bought 2 clear potions for 46 gold pieces
  2223 | D:3      | Found an ornate altar of the Wu Jian Council.
  2369 | D:4      | Noticed a phantom
  2377 | D:4      | Reached XP level 5. HP: 44/46 MP: 4/4
  2380 | D:4      | Reached skill level 5 in Armour
  2401 | D:4      | Killed a phantom
  2402 | D:4      | Reached skill level 1 in Dodging
  2448 | D:4      | Reached XP level 6. HP: 50/55 MP: 5/5
  2508 | D:4      | Reached skill level 5 in Long Blades
  2605 | D:4      | Found a runed translucent gate.
  2611 | D:4      | Found a basalt altar of Yredelemnul.
  2613 | D:4      | Found Razelika's Jewellery Boutique.
  2810 | D:4      | Found a runed translucent gate.
  2810 | D:4      | Found a runed translucent gate.
  2813 | D:4      | Found a shadowy altar of Dithmenos.
  2814 | D:4      | Found a sacrificial altar of Ru.
  2867 | D:4      | Noticed Silencio's ghost (amateur GrFi)
  2892 | D:4      | Found a glowing golden altar of the Shining One.
  3003 | D:4      | Noticed Blork the orc
  3015 | D:4      | Killed Blork the orc
  3016 | D:4      | Reached skill level 5 in Fighting
  3079 | D:4      | Found an opulent altar of Gozag.
  3119 | D:4      | Noticed Pikel
  3145 | D:4      | Slain by Pikel

Illustrated notes

Levels and vault maps discovered:
D:1:      sevenhm_arrival_forest_fort_small_3, layout_basic
D:2:      minmay_door_path, layout_loops_corners,
          hellmonk_ecumenical_altar_lost_god, basic_altar, dk_vineyard_2
D:3:      layout_rooms, pdpol_wu_jian_five_deadly_venoms, serial_shops, shop,
          uniq_robin
D:4:      layout_layer_cave, tso_metal_star, mainiacjoe_overflow_catwalk,
          gammafunk_temple_overflow_forgotten, serial_shops,
          nicolae_shop_tiny_waterfront, ebering_ghost_rock_garden,
          chequers_serial_rivers_micro_c, uniq_blork_the_orc, uniq_ijyb,
          uniq_pikel

Skill      XL: |  1  2  3  4  5  6 |
---------------+-------------------+-----
Armour         | 4 5 |  5.4
Shields        | 4 |  4.9
Fighting       | 4 5 |  5.0
Long Blades    | 3 4 5 |  5.7
Dodging        | 1 |  1.0
Stealth        | |  0.1

Action                     |  1- 3 |  4- 6 || total
---------------------------+-------+-------++-------
  Melee: Long sword        |    94 |   178 ||   272
         Headbutt          |    10 |    32 ||    42
    Use: Scroll            |       |     7 ||     7
         Potion            |       |     3 ||     3
 Armour: Scale mail        |    43 |    46 ||    89
         Plate armour      |       |    66 ||    66
  Dodge: Dodged            |    47 |    67 ||   114
  Block: Buckler           |    18 |    42 ||    60
